 Dungeon Crawl Stone Soup version 0.16.0-17-g811c1d7 (console) character file.

206 Monkaria the Skirmisher (level 5, -3/48 HPs)
             Began as a Minotaur Fire Elementalist on Mar 21, 2015.
             Slain by Grinder (6 damage)
             ... on level 4 of the Dungeon.
             The game lasted 00:08:44 (4753 turns).

Monkaria the Skirmisher (MiFE)                      Turns: 4753, Time: 00:08:45

Health: -3/48      AC:  5    Str: 13    XL:     5   Next: 53%
Magic:  4/4        EV: 11    Int: 12    God:
Gold:   81         SH:  0    Dex: 11    Spells: 1 memorised, 5 levels left

rFire  . . .     SeeInvis .     (no weapon)
rCold  . . .     Clarity  .     n - +0 ring mail
rNeg   . . .     SustAb   .     (no shield)
rPois  .         Gourm    .     (helmet restricted)
rElec  .         Spirit   .     (no cloak)
rCorr  .         Warding  .     (no gloves)
rMut   .         Stasis   .     (no boots)
MR     .....                    (no amulet)
Stlth  +.........               (no ring)
                                h - ring of flight

@: lethally poisoned (-3 -> -7), not resistant to hostile enchantments, very
unstealthy
A: retaliatory headbutt, horns 2
a: Evoke Flight


You were on level 4 of the Dungeon.
You were very hungry.

You visited 1 branch of the dungeon, and saw 4 of its levels.

You collected 81 gold pieces.

Inventory:

Hand weapons
 e - a +0 hand axe
Armour
 n - a +0 ring mail (worn)
Jewellery
 h - a ring of flight (left hand)
Scrolls
 a - a scroll of identify {unknown}
 f - 2 scrolls of teleportation {unknown}
 k - a scroll of amnesia {unknown}
Potions
 j - a potion of restore abilities {unknown}
 l - a potion of cancellation {unknown}
 m - a potion of invisibility {unknown}
 o - a potion of brilliance {unknown}
Books
 b - a book of Flames

   Spells                             Type                      Level
   a - Flame Tongue                   Conjuration/Fire             1
   b - Throw Flame                    Conjuration/Fire             2
   c - Conjure Flame                  Conjuration/Fire             3
   d - Inner Flame                    Hexes/Fire                   3
   e - Sticky Flame                   Conjuration/Fire             4
   f - Fireball                       Conjuration/Fire             5
Comestibles
 c - 2 bread rations


   Skills:
 - Level 5.0 Fighting
 + Level 3.9 Armour
 - Level 2.1 Dodging
 - Level 1.5 Stealth
 - Level 1.3 Spellcasting
 - Level 0.6 Conjurations
 - Level 2.1 Fire Magic


You had 5 spell levels left.
You knew the following spells:

 Your Spells              Type           Power        Failure   Level  Hunger
a - Flame Tongue          Conj/Fire      #....        38%         1    ##.....


Dungeon Overview and Level Annotations

Branches:
Dungeon (4/15)
 Temple: D:4-7

Altars:
Nemelex Xobeh
Okawaru

Annotations:
D:3 hornqvist's ghost, average GrGl
D:4 Grinder; Monkaria's ghost, average MiFE


Innate Abilities, Weirdness & Mutations

You reflexively headbutt those who attack you in melee.
You have a pair of horns on your head.


Message History

* * * LOW HITPOINT WARNING * * *
You are more poisoned.
The adder poisons you!
You feel sick.
Monkaria's ghost wails, "You must not succeed where I failed!"
The adder bites you but does no damage.
You feel sick.
Grinder says, "At least Makhleb appreciates what I'm doing."
Grinder gestures.
Grinder blinks!
You barely miss the hobgoblin.
You feel sick. The adder bites you.
* * * LOW HITPOINT WARNING * * *
The hobgoblin hits you.
* * * LOW HITPOINT WARNING * * *
The kobold closely misses you.
Grinder grins, showing sharp teeth.
Grinder hits you.
* * * LOW HITPOINT WARNING * * *
You writhe in agony.
You die...

..#.. #... . ##..# ...
>..###.≈ ...### #.....
#...#####..# #...§....W# #
#....#.WKS###...##
####.#.#g@5......#
#g#.#.##.#.....###
#.#.#.##..........$
..##.###.#.#.##.#.....#.#.#
........5.......##........
####.###.#.####.......#.#$#
#§#.###...##.......
#.###.#.##.....#...#
#.......W..........#


You could see Grinder, a phantom, Monkaria's ghost, an adder, a hobgoblin and a
kobold.

Vanquished Creatures
  Ijyb (D:3)
  Jessica (D:3)
  Robin (D:4)
  3 adders
  2 gnolls (D:2)
  2 worms (D:2)
  4 giant geckos
  6 orcs
  2 ball pythons
  6 bats
  6 giant cockroaches
  16 goblins
  12 hobgoblins
  10 jackals
  A quokka (D:2)
  3 giant newts
  7 kobolds
  11 rats
94 creatures vanquished.

Notes
Turn   | Place    | Note
--------------------------------------------------------------
     0 | D:1      | Monkaria, the Minotaur Fire Elementalist, began the quest for the Orb.
     0 | D:1      | Reached XP level 1. HP: 14/14 MP: 2/2
    19 | D:1      | Reached skill level 1 in Fighting
   116 | D:1      | Reached XP level 2. HP: 21/24 MP: 2/2
   633 | D:2      | Reached skill level 3 in Fighting
   986 | D:2      | Reached XP level 3. HP: 27/31 MP: 3/3
  1664 | D:2      | Reached skill level 4 in Fighting
  1782 | D:2      | Found an iron altar of Okawaru.
  1793 | D:2      | Reached XP level 4. HP: 10/41 MP: 4/4
  1812 | D:2      | HP: 2/41 [orc/stone (3)]
  2572 | D:3      | Reached skill level 5 in Fighting
  2600 | D:3      | Noticed hornqvist's ghost (average GrGl)
  2822 | D:3      | Noticed Ijyb
  2836 | D:3      | Killed Ijyb
  2836 | D:3      | Reached skill level 1 in Armour
  3118 | D:3      | Found a sparkling altar of Nemelex Xobeh.
  3118 | D:3      | Noticed Jessica
  3121 | D:3      | Killed Jessica
  3121 | D:3      | Reached XP level 5. HP: 48/48 MP: 4/4
  4333 | D:4      | Noticed Robin
  4351 | D:4      | Killed Robin
  4633 | D:4      | Noticed a phantom
  4680 | D:4      | Noticed Grinder
  4691 | D:4      | Paralysed by Grinder for 3 turns
  4703 | D:4      | Paralysed by Grinder for 4 turns
  4710 | D:4      | HP: 2/48 [Grinder/nerve-wracking pain (6)]
  4718 | D:4      | Paralysed by Grinder for 5 turns
  4745 | D:4      | Noticed Monkaria's ghost (average MiFE)
  4753 | D:4      | Slain by Grinder

Action                   |  1- 3 |  4- 6 || total
-------------------------+-------+-------++-------
Melee: Unarmed           |   140 |   188 ||   328
 Cast: Flame Tongue      |       |     6 ||     6
  Use: Potion            |       |     2 ||     2
 Stab: Sleeping          |     1 |       ||     1
       Distracted        |       |     1 ||     1
  Eat: Chunk             |     2 |     8 ||    10
       Beef jerky        |       |     1 ||     1
